 Dungeon Crawl Stone Soup version 0.30-a0-743-gbfdf073431 (webtiles) character file.

Game seed: 6720982725174973147

11 retardedninja the Ducker (level 2, -1/14 HPs)
             Began as a Felid Berserker on Feb 6, 2023.
             Was a Follower of Trog.
             Slain by a goblin
             ... wielding a +0 dagger
              (3 damage)
             ... on level 1 of the Dungeon.
             The game lasted 00:00:24 (156 turns).

retardedninja the Ducker (Felid Berserker)           Turns: 156, Time: 00:00:24

Health: -1/14      AC:  1    Str: 13    XL:     2   Next: 17%
Magic:  3/3        EV: 18    Int:  8    God:    Trog [*.....]
Gold:   34         SH:  0    Dex: 15    Spells: 1/1 levels left
                                        Lives:  0   Deaths: 0

rFire   . . .      SeeInvis +      - Unarmed
rCold   . . .      Faith    .    (shield unavailable)
rNeg    . . .      Spirit   .    (body armour unavailable)
rPois   .          Reflect  .    (helmet unavailable)
rElec   .          Harm     .    (cloak unavailable)
rCorr   .          Rampage  .    (gloves unavailable)
Will    .....                    (boots unavailable)
Stlth   +                        (no amulet)
HPRegen 0.22/turn                (no ring)
MPRegen 0.08/turn                (no ring)

@: on berserk cooldown, slowed, slow
A: very small, claws 1, fangs 3, see invisible, speed 1, shaggy fur 1, stealthy
paws, no weapons or thrown items, no armour, multi-lived
a: Renounce Religion, Berserk


You were on level 1 of the Dungeon.
You worshipped Trog.
Trog was aware of your devotion.
You visited 1 branch of the dungeon, and saw 1 of its levels.

You collected 34 gold pieces.

Inventory:

Jewellery
 b - a +6 ring of dexterity
Scrolls
 a - 3 scrolls of identify {unknown}


   Skills:
 + Level 3.2 Fighting
 + Level 4.3 Dodging
 + Level 3.2 Unarmed Combat


You had one spell level left.
You didn't know any spells.
Your spell library was empty.

Dungeon Overview and Level Annotations

Branches:
Dungeon (1/15)

Altars:


Innate Abilities, Weirdness & Mutations

You have sharp claws.
You have razor-sharp teeth.
You have supernaturally acute eyesight. (SInv)
You cover ground quickly. (Speed+)
You are covered in fur. (AC +1)
Your paws help you pounce on unaware monsters.
You are incapable of wielding weapons or throwing items.
You cannot wear armour.
You gain extra lives every three experience levels.


Message History

The hobgoblin hits you.
* * * LOW HITPOINT WARNING * * *
You are too injured to fight recklessly!
The bat closely misses you.
You aren't carrying any potions.
A red film seems to cover your vision as you go berserk!
You feel yourself moving faster!
You feel mighty!
The kobold throws a stone.
The stone closely misses you.
You claw the hobgoblin!
You kill the hobgoblin!
Trog accepts your kill. The bat completely misses you.
You scratch the bat.
You kill the bat!
Trog accepts your kill.
You have reached level 2!
You claw the kobold!
You kill the kobold!
Trog accepts your kill.
A goblin comes into view. It is wielding a +0 dagger.
Items here: ( ) †††.
You feel a strong urge to attack something.
You scratch the hobgoblin.
The hobgoblin is almost dead.
The hobgoblin misses you. The rat bites you.
* * * LOW HITPOINT WARNING * * *
You scratch the hobgoblin.
You kill the hobgoblin!
Trog accepts your kill. The rat barely misses you.
You barely miss the rat. You claw the rat.
You kill the rat!
Trog accepts your kill.
You see here a rat corpse.
You feel a strong urge to attack something.
You are no longer berserk.
You are exhausted.
You feel yourself slow down. The goblin completely misses you.
You closely miss the goblin. The goblin hits you with a +0 dagger.
You die...

.....# .....# # ..
... .......# #.#..
...# #......# .#.#..
...## ......> ......
....#
##########....###..$#
............# #.#
...........# #.#
.......g@.# #.#
.......††.# #.#
..........+
#.#########)..#
#..........#+##
#....#####.# #....#
#.# ##.#.## #..
#..#.# #...


You could see a goblin.

Vanquished Creatures
  A bat (D:1)
  An endoplasm (D:1)
  4 hobgoblins (D:1)
  A kobold (D:1)
  2 ball pythons (D:1)
  A rat (D:1)
10 creatures vanquished.

Notes
Turn   | Place    | Note
-------+----------+-------------------------------------------
     0 | D:1      | retardedninja the Felid Berserker began the quest for the
                  | Orb.
     0 | D:1      | Reached XP level 1. HP: 10/10 MP: 2/2
   147 | D:1      | Reached XP level 2. HP: 3/14 MP: 3/3
   156 | D:1      | Slain by a goblin

Illustrated notes

Levels and vault maps discovered:
D:1:      scummos_arrival_star, layout_basic, minmay_misc_feat_ornament,
          dk_noncrumbling_4, serial_bayou_pond_a, minmay_pentomino_o4

Action                     || total
---------------------------++-------
  Melee: Unarmed           ||    13
         Bite              ||     1
         Punch             ||     1
 Invoke: Berserk           ||     1
   Stab: Sleeping          ||     1
  Dodge: Dodged            ||    10

Table legend: (Time is in decaauts)
 A = Elapsed time spent in this place.
 B = Non-inter-level travel time spent in this place.
 C = Inter-level travel time spent in this place.
 D = Time resting spent in this place.
 E = Time spent auto-exploring this place.
 F = Levels seen in this place.
 G = Mean time per level.
                   A        B        C        D        E       F      G
               +--------+--------+--------+--------+--------+-----+--------+
         Total |    123 |    123 |      0 |      0 |     95 |   1 |  123.0 |
       Dungeon |    123 |    123 |      0 |      0 |     95 |   1 |  123.0 |
               +--------+--------+--------+--------+--------+-----+--------+

Top non-repeatable levels by time:
     D:1: 123 daAuts
